 Dungeon Crawl Stone Soup version 0.21-a0-84-g85d6d27 (webtiles) character file.

10 slavetoarmok the Sneak (level 2, 0/13 HPs)
             Began as a Spriggan Enchanter on June 29, 2017.
             Slain by a hobgoblin
             ... wielding a cursed +0 club
              (2 damage)
             ... on level 1 of the Dungeon.
             The game lasted 00:01:01 (159 turns).

slavetoarmok the Sneak (Spriggan Enchanter)          Turns: 159, Time: 00:01:02

Health: 0/13       AC:  2    Str:  4    XL:     2   Next: 10%
Magic:  0/6        EV: 18    Int: 16    God:
Gold:   25         SH:  0    Dex: 16    Spells: 3/6 levels left

rFire    . . .     SeeInvis +   a - +1 dagger
rCold    . . .     Gourm    .   (shield restricted)
rNeg     . . .     Faith    .   b - +0 robe
rPois    .         Spirit   .   (helmet restricted)
rElec    .         Reflect  .   (no cloak)
rCorr    .         Harm     .   (gloves unavailable)
MR       .....                  (boots unavailable)
Stlth    +++.......             (no amulet)
HPRegen  0.04/turn              (no ring)
MPRegen  0.10/turn              (no ring)

@: very quick
A: unfitting armour, see invisible, herbivore 3, speed 3, slow metabolism 2
a: no special abilities


You were on level 1 of the Dungeon.
You were not hungry.

You visited 1 branch of the dungeon, and saw 1 of its levels.

You collected 25 gold pieces.

Inventory:

Hand Weapons
 a - a +1 dagger (weapon)
Armour
 b - a +0 robe (worn)
Potions
 e - a potion of lignification {unknown}
Books
 c - a book of Maledictions

   Spells                             Type                      Level
   a - Corona                         Hexes                        1
   b - Ensorcelled Hibernation        Hexes/Ice                    2
   c - Confuse                        Hexes                        3
   d - Tukima's Dance                 Hexes                        3
   e - Dazzling Spray                 Conjuration/Hexes            3
Comestibles
 d - a bread ration


   Skills:
 + Level 1.1 Short Blades
 + Level 3.3 Dodging
 + Level 4.6 Stealth
 + Level 2.7 Spellcasting
 + Level 4.0 Hexes


You had 3 spell levels left.
You knew the following spells:

 Your Spells              Type           Power        Failure   Level  Hunger
a - Corona                Hex            ###....      3%          1    #......
b - Ensorcelled Hibernat  Hex/Ice        #.....       13%         2    ##.....


Dungeon Overview and Level Annotations

Branches:
Dungeon (1/15)

Altars:


Innate Abilities, Weirdness & Mutations

You are very small and have problems with some larger weapons.
You are too small for most types of armour.
You have supernaturally acute eyesight. (SInv)
You are a herbivore.
You cover ground extremely quickly.
You need consume almost no food.


Message History

The hobgoblin completely misses you.
You closely miss the hobgoblin.
The hobgoblin is heavily wounded.
The hobgoblin misses you.
You hit the hobgoblin but do no damage.
The hobgoblin is heavily wounded.
The hobgoblin hits you with a club.
* * * LOW HITPOINT WARNING * * *
You closely miss the hobgoblin.
The hobgoblin is heavily wounded.
The hobgoblin closely misses you. The hobgoblin misses you.
Casting: Ensorcelled Hibernation
Confirm with . or Enter, or press ? or * to list all spells.
Aiming: Ensorcelled Hibernation
Press: ? - help, Shift-Dir - straight line, f/p - hobgoblin
Aim: a hobgoblin, wielding a club (heavily wounded, chance to defeat MR: 57%)
The hobgoblin resists with significant effort.
The hobgoblin hits you with a club.
You die...

#.......................#
###'#####.########.####.#
#...#..#'#..# #.# #
#...#.......# #.# #
#...#...>...# #+#
#####...###...###
........# #####
........#### ###
#.###.##.#.#####@#
#.###.......†..g.#
...........#######
#.######.### #..........
############


You could see a hobgoblin.

Vanquished Creatures
  An ooze (D:1)
  A bat (D:1)
  A hobgoblin (D:1)
  2 frilled lizards (D:1)
  2 kobolds (D:1)
7 creatures vanquished.

Notes
Turn   | Place    | Note
-------+----------+-------------------------------------------
     0 | D:1      | slavetoarmok the Spriggan Enchanter began the quest for the Orb.
     0 | D:1      | Reached XP level 1. HP: 9/9 MP: 5/5
    77 | D:1      | Reached XP level 2. HP: 6/13 MP: 6/6
   100 | D:1      | Learned a level 2 spell: Ensorcelled Hibernation
   159 | D:1      | Slain by a hobgoblin

Vault maps used:
D:1:      dpeg_arrival_renting, minmay_tetromino_t4

Skill      XL: |  1 |
---------------+----+-----
Hexes          | 4 |  4.0
Short Blades   | |  1.1
Dodging        | |  3.3
Stealth        | |  4.6
Spellcasting   | |  2.7

Action                   || total
-------------------------++-------
Melee: Dagger            ||    43
 Cast: Corona            ||     6
       Ensorcelled Hiber ||     4
 Stab: Sleeping          ||     3
Armor: Robe              ||     3
Dodge: Dodged            ||    33
